[Event "Early-Titled-Tuesday-Blitz-June-18-2024"]
[Site "Chess.com"]
[Date "2024.06.18"]
[Round "5"]
[White "Aygehovit1992"]
[Black "dennisodessa"]
[Result "1/2-1/2"]
[WhiteElo "2793"]
[BlackElo "2605"]
[TimeControl "180+1"]
[EndTime "8:59:22 PDT"]
[Termination "Game drawn - insufficient material"]

1. e4 e6 2. d4 d5 3. Nc3 Bb4 4. Ne2 dxe4 5. a3 Be7 6. Nxe4 Nd7 7. Qd3 Ngf6 8. N4c3 O-O 9. Bf4 c5 10. O-O-O cxd4 11. Qxd4 Qa5 12. Bd6 Bxd6 13. Qxd6 b5 14. Nd4 a6 15. g4 Bb7 16. Rg1 Rfd8 17. Nb3 Qb6 18. g5 Qxf2 19. Bd3 Nd5 20. Ne4 Qf4+ 21. Kb1 Qxd6 22.
Nxd6 Rab8 23. Na5 Ba8 24. Rg3 Nc5 25. Bxh7+ Kxh7 26. Nxf7 Rd7 27. g6+ Kg8 28. Rh3 Rxf7 29. gxf7+ Kxf7 30. Rf1+ Nf6 31. Re3 Rd8 32. b3 Rd2 33.
Rc3 Ne4 34. Rc7+ Kg6 35. Rg1+ Kf5 36. Rgxg7 Rxh2 37. Ra7 Bd5 38. Rxa6 Nc3+ 39. Kb2 Nfe4 40. Rf7+ Ke5 41. Nc6+ Bxc6 42. Rxc6 Nd1+ 43. Kc1 Nec3 44. Rf1 Kd4 45. Rxd1+ Nxd1 46. Kxd1 Rh1+ 47. Kd2 Rh2+ 48.
Kc1 e5 49. Rd6+ Kc5 50. Rd3 e4 51. Rd2 Rh1+ 52. Rd1 Rh2 53. c3 Ra2 54. Kb1 Rxa3 55. Kb2 Ra8 56. b4+ Kc6 57. Re1 Re8 58. Kc2 Kd5 59. Rd1+ Kc6 60. Re1 Kd5 61. Rd1+ Kc6 62.
Rd4 e3 63. Kd1 e2+ 64. Ke1 Re3 65. c4 bxc4 66. Rxc4+ Kb5 67. Rc2 Kxb4 68. Rxe2 Rxe2+ 69. Kxe2 1/2-1/2

[Event "Early-Titled-Tuesday-Blitz-June-18-2024"]
[Site "Chess.com"]
[Date "2024.06.18"]
[Round "5"]
[White "Martial2008"]
[Black "Casper"]
[Result "0-1"]
[WhiteElo "2623"]
[BlackElo "2476"]
[TimeControl "180+1"]
[EndTime "8:59:24 PDT"]
[Termination "Casper won on time"]

1. d4 d5 2. Nf3 Bg4 3. Ne5 Bh5 4. g4 Bg6 5. h4 f6 6. Nxg6 hxg6 7.
Qd3 Kf7 8. h5 gxh5 9. gxh5 e6 10. c4 dxc4 11. Qxc4 Nc6 12. e3 Qd5 13. Qxd5 exd5 14.
Nc3 Bb4 15. Bd2 Nge7 16. Bg2 Rad8 17. Ke2 Rh7 18. Kd3 Ke6 19. a3 Bxc3 20. bxc3 Rdh8 21.
Bf3 Na5 22. e4 dxe4+ 23. Kxe4 Nc4 24. Bf4 Nd5 25. Rhe1 Nxf4 26. Kxf4+ Kd7 27. Rg1 c6 28. Rg6 Ke6 29. Rag1 Kf7 30. h6 gxh6 31. Bh5 Ke7 32. Re1+ Kd7 33. Rxf6 Nxa3 34. Ra1 Nb5 35. c4 Nxd4 36.
Rxa7 Kc7 37. Ra1 Rf8 38. Rxf8 Ne6+ 39. Kf5 Nxf8 40. f4 Re7 41. Kf6 Re4 42. f5 Rxc4 43. Kg7 Nd7 44. f6 Rf4 45. f7 b5 46. Rg1 c5 47. Bg4 Ne5 48. f8=Q Rxf8 49. Kxf8 Nxg4 50. Rxg4 Kd6 51. Kf7 b4 52. Kf6 Kd5 53. Kf5 b3 54. Rg1 c4 55. Rd1+ Kc5 56. Ke4 h5 57. Ke3 Kb4 58.
Kd2 c3+ 59. Kc1 Ka3 60. Rd8 h4 61. Ra8+ Kb4 62. Rh8 Ka3 63. Kb1 c2+ 64. Kc1 h3 65. Ra8+ Kb4 66. Rh8 Ka3 67. Rxh3 Ka2 0-1

[Event "Early-Titled-Tuesday-Blitz-June-18-2024"]
[Site "Chess.com"]
[Date "2024.06.18"]
[Round "5"]
[White "subham777"]
[Black "EvgenyBurmakin"]
[Result "1-0"]
[WhiteElo "2597"]
[BlackElo "2389"]
[TimeControl "180+1"]
[EndTime "8:59:24 PDT"]
[Termination "subham777 won by checkmate"]

1. e4 c5 2. Nf3 d6 3. d4 cxd4 4. Qxd4 Nc6 5. Bb5 Bd7 6. Bxc6 Bxc6 7. c4 Nf6 8. Nc3 e6 9. Bg5 Be7 10. O-O O-O 11. Rad1 a6 12. Rfe1 Rc8 13. Qd2 Qc7 14. b3 b5 15. cxb5 axb5 16. Rc1 Qb7 17. Bxf6 Bxf6 18. Qxd6 b4 19. Na4 Rfd8 20. Qf4 Bxa4 21. bxa4 Bc3 22. Red1 Qa7 23. Ng5 h6 24. Nf3 Qxa4 25.
Rxd8+ Rxd8 26. h4 Qxa2 27. Qc7 Qa8 28. Rxc3 bxc3 29. Qxc3 Qb8 30. g3 Qb5 31. Kg2 Rd1 32. Nh2 Qe2 33. Qc8+ Kh7 34. Qb7 Rd2 35. Qxf7 Qxe4+ 36. Qf3 Qxf3+ 37. Nxf3 Ra2 38. Nd4 e5 39. Nf5 Kg6 40.
g4 h5 41. Kg3 hxg4 42. Ne3 Ra4 43. Nxg4 Kf5 44. Ne3+ Ke4 45. Ng4 Ra3+ 46. Kg2 Kf4 47.
Ne3 e4 48. Nd5+ Ke5 49. Ne3 g6 50. Nc4+ Kf4 51. Nxa3 Kg4 52. Nc4 Kxh4 53. Nd2 Kg4 54.
Nxe4 Kf4 55. Ng3 g5 56. Nf1 Kg4 57. Nh2+ Kf4 58. f3 Kf5 59. Kg3 Kg6 60. Kg4 Kf6 61. Nf1 Kg6 62. Ng3 Kf6 63. Ne4+ Ke5 64. Nxg5 Kf6 65.
f4 Kg6 66. f5+ Kg7 67. Kf4 Kf6 68. Ne4+ Kg7 69. Ke5 Kf7 70. f6 Kf8 71. Ke6 Ke8 72. Ng5 Kf8 73. Nh7+ Ke8 74. f7+ Kd8 75. f8=Q+ Kc7 76.
Qd6+ Kb7 77. Qc5 Ka8 78. Qb5 Ka7 79. Kd6 Ka8 80. Kc7 Ka7 81. Qa5# 1-0

[Event "Early-Titled-Tuesday-Blitz-June-18-2024"]
[Site "Chess.com"]
[Date "2024.06.18"]
[Round "5"]
[White "doublesik"]
[Black "temus_galaktionov"]
[Result "0-1"]
[WhiteElo "2574"]
[BlackElo "2856"]
[TimeControl "180+1"]
[EndTime "8:59:26 PDT"]
[Termination "temus_galaktionov won on time"]

1. d4 c6 2. c4 g6 3. Nf3 d6 4. Nc3 Bg7 5. e4 Nf6 6. Be2 O-O 7. O-O Nbd7 8. Be3 e5 9. d5 c5 10. Ne1 Ne8 11. a3 f5 12. f3 f4 13. Bf2 g5 14.
b4 b6 15. Nd3 Rf6 16. a4 a5 17.
bxc5 bxc5 18. Rb1 Bf8 19. Qc2 Nc7 20. g4 h5 21. h3 Na6 22. Kg2 Rh6 23. Rh1 Be7 24.
Nb5 Nb4 25. Qd2 Nf8 26. Rbg1 Ng6 27. Kf1 Kf7 28. Ne1 Bd7 29. Ng2 Qb6 30. Ne1 Rah8 31. Kg2 Qb8 32. Nd3 R8h7 33. Be1 Qh8 34. Nf2 hxg4 35.
hxg4 Rh2+ 36. Rxh2 Rxh2+ 37. Kf1 Nh4 38. Bd1 Qa8 39. Nc7 Qa7 40. Ne6 Bxe6 41. dxe6+ Kxe6 42. Qb2 Kf6 43. Rh1 Rxh1+ 44. Nxh1 Qa6 45. Qc3 Ng6 46. Nf2 Qc6 47. Nh3 Nf8 48. Bd2 Ne6 49. Be1 Nd4 50. Bf2 Ke6 51. Qd2 Kd7 52. Qc3 Kc7 53. Be1 Qa6 54. Kg2 Nbc6 55. Nf2 Qb6 56. Qc1 Bd8 57. Nd3 Kb7 58. Qa1 Ka7 59. Qc1 Qb7 60. Qa1 Nb8 61. Nc1 Nd7 62. Na2 Qa6 63. Qc1 Nb6 64. Nc3 Qxc4 65.
Qb2 Qd3 66. Bf2 Nc4 67. Nb5+ Kb6 68. Qc1 Nxb5 69. axb5 Ne3+ 70. Bxe3 fxe3 71. Qb2 c4 72. Be2 c3 73. Bxd3 cxb2 74. Kf1 a4 75. Ke2 a3 76. Bb1 Kxb5 77. Kxe3 Kc4 78. Ba2+ Kc3 0-1

[Event "Early-Titled-Tuesday-Blitz-June-18-2024"]
[Site "Chess.com"]
[Date "2024.06.18"]
[Round "5"]
[White "bubeliang"]
[Black "DishonorOnYourCow"]
[Result "1-0"]
[WhiteElo "2795"]
[BlackElo "2524"]
[TimeControl "180+1"]
[EndTime "8:59:26 PDT"]
[Termination "bubeliang won by checkmate"]

1. b3 d5 2. Bb2 c5 3. e3 Nc6 4.
Nf3 Nf6 5. Bb5 Bd7 6. O-O g6 7. Bxf6 exf6 8. d4 cxd4 9. exd4 Bd6 10. Re1+ Be6 11. g3 O-O 12. Bf1 Rc8 13. c4 b6 14.
Bg2 Bb4 15. cxd5 Bxd5 16. Rf1 Bxf3 17. Bxf3 Nxd4 18. a3 Bc3 19. Ra2 Re8 20. Bg2 Nf5 21. Nxc3 Rxc3 22. Rd2 Qe7 23. Rd7 Qxa3 24. Bd5 Rf8 25.
Bc4 b5 26. Bd5 Qc5 27. Qd2 Rc2 28. Qf4 Kg7 29. Be4 Nh6 30. Rd6 Re2 31. Qxf6+ Kg8 32.
Bf3 Ree8 33. Rfd1 Nf5 34. Rd7 Qe5 35. Qxe5 Rxe5 36. Rxa7 Rfe8 37. Rdd7 Re1+ 38. Kg2 R1e7 39. Bd5 Kf8 40. Rdc7 Rxc7 41. Rxc7 Re7 42. Rc8+ Kg7 43. Rb8 Rd7 44. Bc6 Rd2 45. Rxb5 Rb2 46. Rb6 Ne3+ 47. Kf3 Nd1 48. Bd5 Rxf2+ 49. Ke4 Nc3+ 50. Kd4 Rd2+ 51. Kxc3 Rxd5 52. b4 Rd1 53. b5 Rc1+ 54.
Kb4 Rb1+ 55. Kc5 Rb2 56. Rd6 Rxh2 57. b6 Rc2+ 58. Kb5 Rb2+ 59. Kc6 h5 60. b7 g5 61.
Rd5 Rc2+ 62. Rc5 Rb2 63. Rb5 Rc2+ 64. Kb6 Re2 65. b8=Q Re6+ 66. Kc5 Kg6 67. Kd4 h4 68. Qg8+ Kf6 69. Qxg5# 1-0

[Event "Early-Titled-Tuesday-Blitz-June-18-2024"]
[Site "Chess.com"]
[Date "2024.06.18"]
[Round "5"]
[White "Omranalhosani21"]
[Black "Dreamer_01"]
[Result "1-0"]
[WhiteElo "2550"]
[BlackElo "2385"]
[TimeControl "180+1"]
[EndTime "8:59:26 PDT"]
[Termination "Omranalhosani21 won by resignation"]

1. e4 e6 2. d4 d5 3. e5 c5 4.
Nf3 cxd4 5. Bd3 Nc6 6. O-O Nge7 7.
a3 Ng6 8. Re1 Be7 9. Qe2 O-O 10.
b4 a6 11. Bb2 Bd7 12. Bxd4 Nxd4 13. Nxd4 Nf4 14. Qg4 Nxd3 15. cxd3 Rc8 16. Nd2 Rc3 17. Re3 Qc7 18. Rae1 Rc8 19. h4 Rc1 20. N2f3 Rxe1+ 21. Rxe1 Qc3 22. Re3 Qxa3 23. Ng5 Bxg5 24.
hxg5 Rc1+ 25. Kh2 Qxb4 26. Rh3 Qe1 27. Qf4 Qg1+ 28. Kg3 Rd1 29. Nf3 Rxd3 30. Qh4 Rxf3+ 31. Kxf3 Qd1+ 32. Kg3 Qd3+ 33. Kh2 Qf5 34. Re3 Bc6 35. Qd4 Qxg5 36. f4 Qh5+ 37. Rh3 Qf5 38. Rg3 h6 39.
Qb4 a5 40. Qd4 a4 41. Rc3 Qe4 42. Qxe4 dxe4 43. Kg3 b5 44. Rxc6 b4 45. Rb6 b3 46.
Rb4 e3 47. Rxa4 b2 48. Rb4 e2 49. Kf2 e1=Q+ 50. Kxe1 Kh7 51. Rxb2 Kg6 52. Rf2 Kf5 53. g3 h5 54. Kf1 Kg4 55. Kg2 g6 56. Rf3 h4 57. gxh4 Kxh4 58. Rg3 Kh5 59. Rg5+ Kh4 60. Kf3 Kh3 61. Ke4 Kh4 62. Rg1 Kh5 63. Rd1 Kg4 64.
Rd7 1-0

[Event "Early-Titled-Tuesday-Blitz-June-18-2024"]
[Site "Chess.com"]
[Date "2024.06.18"]
[Round "5"]
[White "Onischuk_V"]
[Black "xasid81"]
[Result "1-0"]
[WhiteElo "2827"]
[BlackElo "2628"]
[TimeControl "180+1"]
[EndTime "8:59:36 PDT"]
[Termination "Onischuk_V won by resignation"]

1. e4 a6 2. d4 e6 3. Nf3 d5 4. Nc3 Nf6 5. Bg5 Bb4 6. Bd3 dxe4 7.
Bxe4 h6 8. Bxf6 Qxf6 9. O-O Nd7 10. Qe2 O-O 11. Rad1 Bxc3 12. bxc3 c5 13. a4 Rb8 14. a5 cxd4 15. cxd4 Qd8 16. Qd2 Nf6 17. Bd3 Bd7 18. c4 Ba4 19. Rb1 Bc6 20. Ne5 Be4 21.
Bxe4 Nxe4 22. Qe3 Nd6 23. Qc3 Ne4 24. Qd3 Nd6 25. Rb6 Nc8 26. Rb3 Nd6 27. Qc3 Ne4 28. Qb2 Qc7 29. c5 Rfd8 30. Rb1 Nf6 31. Rxb7 Rxb7 32.
Qxb7 Qxb7 33. Rxb7 Rxd4 34. g3 Rd5 35. c6 Rc5 36.
Rb6 Nd5 37. Rxa6 Nb4 38. Ra8+ Kh7 39. Nxf7 Nxc6 40. a6 Kg6 41. Nd8 Nxd8 42. Rxd8 Ra5 43. Ra8 Ra2 44. h4 Kf7 45. Kg2 Ra3 46. h5 Ra4 47. f3 Ra5 48. g4 Ra4 49. Kg3 Ra5 50.
a7 Ra4 51. g5 hxg5 52. h6 Kg6 53. Kf2 Ra3 54. Ke2 Kh7 55. hxg7 Kxg7 56. Kd2 Kh7 57.
Kc2 Kg7 58. Kb2 Ra5 59. Kc3 Kh7 60. Kd4 Kg7 61. Kc4 Kh7 62. Kb4 Ra1 63. Kc5 Kg7 64. Kd6 Ra6+ 65. Ke5 Kh7 66. Kf6 Ra5 67. Kxe6 Kg7 68.
Ke7 Kh7 69. Kf6 Ra6+ 70. Kxg5 Ra5+ 71. Kg4 Kg7 72. f4 Kh7 73. f5 Kg7 74. f6+ Kh7 75. f7 Ra4+ 76. Kf3 Ra5 77. f8=Q 1-0

[Event "Early-Titled-Tuesday-Blitz-June-18-2024"]
[Site "Chess.com"]
[Date "2024.06.18"]
[Round "5"]
[White "bascheyaro"]
[Black "TigrVShlyape"]
[Result "0-1"]
[WhiteElo "2806"]
[BlackElo "2994"]
[TimeControl "180+1"]
[EndTime "8:59:37 PDT"]
[Termination "TigrVShlyape won on time"]

1. d4 d5 2. Nf3 c6 3. Bf4 Nf6 4. e3 Qb6 5. Qc1 Bf5 6. Nbd2 e6 7.
Bd3 Bg6 8. O-O Nbd7 9. Bxg6 hxg6 10. c4 Be7 11. Rb1 a5 12. h3 O-O 13. Qc2 a4 14. Rfc1 Qa6 15. Ne5 Nxe5 16. Bxe5 Nd7 17.
Nf3 Qxc4 18. Qxc4 dxc4 19. Rxc4 Nb6 20. Rcc1 Nd5 21. Ne1 Nb4 22. a3 Nd5 23. Nd3 Ra5 24.
Kf1 Rb5 25. Rc4 Ra8 26. Rbc1 g5 27. Ke2 f6 28. Bh2 Kf7 29. R4c2 Ke8 30. Bg3 Rb3 31. h4 gxh4 32. Bxh4 Kf7 33. g4 Rb5 34. Bg3 Rd8 35. Rh1 Bf8 36. Rh5 g6 37. Rh7+ Kg8 38. Rh1 g5 39. f3 Rd7 40. Be1 Rh7 41. Rxh7 Kxh7 42.
Bd2 Kg6 43. Bc1 Bd6 44. Nf2 Ra5 45. Ne4 Be7 46. Kd3 Ra8 47. Rh2 Rd8 48. Nc3 Ra8 49.
e4 Bd6 50. Rh1 Nxc3 51. bxc3 b5 52. Bb2 e5 53. d5 cxd5 54. exd5 Rc8 55. Ke4 Rc4+ 56.
Kd3 Rf4 57. Rh3 e4+ 58. fxe4 Rxg4 59. Rh8 Rg3+ 60. Kd4 Rg2 61. Bc1 Rc2 62. Be3 Be5+ 63. Kd3 Rxc3+ 64. Ke2 Rxa3 65. Rg8+ Kf7 66. Rc8 Rb3 67.
Bc5 a3 68. Rf8+ Kg7 69. Ra8 b4 70. d6 Rb2+ 71. Kd3 Rb1 72. Kc4 b3 73. Bxa3 b2 74. Bxb2 Rxb2 75. d7 Bc7 76. Rc8 Ba5 77. Ra8 Rc2+ 0-1

[Event "Early-Titled-Tuesday-Blitz-June-18-2024"]
[Site "Chess.com"]
[Date "2024.06.18"]
[Round "5"]
[White "sachiniranasinghe"]
[Black "MANOJ_MISHRA123"]
[Result "0-1"]
[WhiteElo "1858"]
[BlackElo "2195"]
[TimeControl "180+1"]
[EndTime "8:59:38 PDT"]
[Termination "MANOJ_MISHRA123 won by checkmate"]

1. Nf3 Nf6 2. g3 g6 3. Bg2 Bg7 4. O-O O-O 5. c4 d6 6. Nc3 c5 7. d3 Nc6 8. Bd2 Nd4 9. Re1 e5 10.
e3 Nc6 11. a3 Bg4 12. Qc1 Re8 13. h3 Bxf3 14. Bxf3 Qd7 15. Kh2 h5 16. Nd5 Nxd5 17.
cxd5 Ne7 18. e4 Kh7 19. Bg5 f6 20. Bd2 f5 21. Bg5 Ng8 22. h4 Nh6 23. Bxh6 Bxh6 24. Qc2 f4 25. Bg2 Rf8 26. Bh3 Qf7 27. Re2 Qe7 28. Rg1 Rf6 29. Be6 Raf8 30. Kh3 Rxe6 31. dxe6 Qxe6+ 32. Kh2 f3 33. Ree1 Qg4 34. Rb1 Bf4 35.
Rh1 Qxh4+ 36. Kg1 Qg5 37. Kf1 Bd2 38. Rd1 Ba5 39. Qc1 Qxc1 40. Rxc1 b5 41. g4 Kh6 42.
gxh5 gxh5 43. Rg1 h4 44. Rh1 Kh5 45. b4 Bb6 46. bxc5 Bxc5 47. a4 bxa4 48. Ra1 a3 49.
Ke1 Rg8 50. Rb1 Rg2 51. Rb7 Bxf2+ 52. Kd1 Be3 53. Rh7+ Bh6 54. Rxa7 a2 55. d4 Rd2+ 56. Ke1 f2+ 57. Kf1 Be3 58. Kg2 Kg4 59. dxe5 dxe5 60.
Ra3 Bd4 61. Rf1 a1=Q 62. Raxa1 Bxa1 63. Rxa1 h3+ 64. Kh2 f1=Q# 0-1

[Event "Early-Titled-Tuesday-Blitz-June-18-2024"]
[Site "Chess.com"]
[Date "2024.06.18"]
[Round "5"]
[White "Erdnya15"]
[Black "Mikasinski"]
[Result "0-1"]
[WhiteElo "2508"]
[BlackElo "2715"]
[TimeControl "180+1"]
[EndTime "8:59:41 PDT"]
[Termination "Mikasinski won by resignation"]

1. e4 c5 2. Nf3 d6 3. d4 cxd4 4.
Nxd4 Nf6 5. Nc3 a6 6. g3 e5 7.
Nde2 Be7 8. Bg2 O-O 9. Be3 b5 10. Nd5 Be6 11. Nec3 Nbd7 12. a4 Nxd5 13. Nxd5 Bg5 14.
O-O Bxe3 15. Nxe3 Qb6 16. Qd2 Nc5 17. axb5 axb5 18. Rfd1 Rxa1 19. Rxa1 h6 20. Qa5 Qxa5 21. Rxa5 b4 22. f4 f6 23. fxe5 fxe5 24. Rb5 b3 25. cxb3 Nxb3 26. Rb6 Rd8 27. Nf5 Bxf5 28. exf5 Nd4 29.
Bd5+ Kh8 30. g4 Ne2+ 31. Kf2 Nf4 32. Bf3 d5 33. Ke3 Rc8 34. Rb5 Rd8 35. Rc5 Kh7 36.
b4 Ra8 37. Bxd5 Ra4 38. Be6 Rxb4 39. Rc8 g5 40. fxg6+ Kxg6 41. Bf5+ Kf6 42. Rc6+ Kg5 43. h4+ Kxh4 44. Rxh6+ Kg3 45. Rd6 Ng2+ 46. Ke2 Rf4 47. Re6 Rb4 48. Rxe5 Kf4 49. Rc5 Rb2+ 50. Kd3 Ne3 51.
Ra5 Rb3+ 52. Kd4 Rb4+ 53. Kc3 Rb6 54. Ra4+ Kf3 55. Be4+ Kg3 56. Kd4 Nxg4 57. Ra3+ Kf4 58. Rf3+ Kg5 59. Rf5+ Kh4 60. Bf3 Nh2 61. Rh5+ Kg3 62.
Bd5 Rb4+ 63. Kd3 Rb1 64. Rg5+ Kf4 65. Rh5 Rd1+ 66. Ke2 Rb1 67. Kd3 Ng4 68. Rh8 Rd1+ 69. Kc4 Ne3+ 70. Kc3 Nxd5+ 71. Kc2 Ne3+ 72. Kc3 Rd6 73.
Re8 Kf3 74. Re7 Nd5+ 75. Kc4 Nxe7 76. Kc5 Rd5+ 0-1

[Event "Early-Titled-Tuesday-Blitz-June-18-2024"]
[Site "Chess.com"]
[Date "2024.06.18"]
[Round "5"]
[White "Flawless_Fighter"]
[Black "Prizant_academy"]
[Result "0-1"]
[WhiteElo "2802"]
[BlackElo "2987"]
[TimeControl "180+1"]
[EndTime "8:59:43 PDT"]
[Termination "Prizant_academy won by resignation"]

1. d4 d5 2. Nf3 Nf6 3. g3 c5 4. Bg2 cxd4 5. Nxd4 e5 6. Nb3 a5 7. a4 h6 8. O-O Nc6 9. Nc3 Be6 10. e4 d4 11. Nb5 Be7 12. Bd2 O-O 13. Nc1 Bg4 14. f3 Bh5 15. Qe1 Nb4 16. Bxb4 Bxb4 17. Qf2 Rc8 18.
Nd3 Bd6 19. Rad1 Qe7 20. c3 dxc3 21. bxc3 Rfd8 22. Kh1 Bb8 23. Qb6 Qe6 24. Qxa5 Nxe4 25. Nf4 Nf2+ 26. Kg1 Qe7 27. Rxd8+ Rxd8 28. Nxh5 Nd3 29.
Qb6 Bd6 30. Nxd6 Rxd6 31. Qe3 g6 32. Rd1 Nc5 33. Rxd6 Qxd6 34. Qxh6 Qd1+ 35. Bf1 gxh5 36. Qg5+ Kf8 37. Qxe5 Nxa4 38. Qb8+ Kg7 39. Qxb7 Nxc3 40.
Qb2 Qxf3 41. Qd2 Ne4 42. Qb2+ Kh7 43. Qc2 Qe3+ 44. Kg2 Kg7 45. Bd3 Ng5 46. Qc3+ f6 47.
Qc7+ Kh6 48. Qd7 Qf3+ 49. Kg1 Qd1+ 50. Kg2 Qd2+ 51. Kf1 Qxh2 52. Qf5 Qh1+ 53. Ke2 Qg2+ 54. Kd1 Qf3+ 55. Qxf3 Nxf3 56. Ke2 Ne5 57. Be4 Kg5 58. Kf2 Ng4+ 59. Kf3 Nh6 60. Bc6 Ng8 61. Bd7 Ne7 62. Bb5 Ng6 63. Ba6 Ne7 64. Bb7 Nf5 65. Be4 Nd6 66. Bd5 Nb5 67. Bb7 Nc3 68. Bc6 Nb1 69.
Be4 Nd2+ 70. Ke3 Nxe4 71. Kxe4 Kg4 72. Ke3 Kxg3 73. Ke4 h4 0-1

[Event "Early-Titled-Tuesday-Blitz-June-18-2024"]
[Site "Chess.com"]
[Date "2024.06.18"]
[Round "5"]
[White "FGHSMN"]
[Black "gafkens"]
[Result "1-0"]
[WhiteElo "2907"]
[BlackElo "2619"]
[TimeControl "180+1"]
[EndTime "8:59:46 PDT"]
[Termination "FGHSMN won by resignation"]

1. b3 g6 2. Bb2 Nf6 3. Nf3 Bg7 4. g3 O-O 5. Bg2 d5 6. c4 c5 7. cxd5 Nxd5 8. Bxg7 Kxg7 9. O-O Nc6 10. d4 cxd4 11. Nxd4 Nxd4 12. Qxd4+ Nf6 13. Qe5 Qd6 14. Qxd6 exd6 15. Nc3 Rd8 16. Rfd1 a6 17. Rd2 Kf8 18. Rc1 Rb8 19. Nd5 Ne8 20. Nb6 Be6 21. b4 Nf6 22. a4 d5 23. Rc7 Ne8 24. Rc5 Rd6 25. Nxd5 Rbd8 26. e4 Bxd5 27. exd5 R6d7 28. Rc1 Nd6 29.
Rdc2 Re7 30. Kf1 g5 31. Rc5 f5 32. b5 axb5 33. axb5 f4 34. b6 Rf7 35. Rc7 h5 36.
Rxf7+ Kxf7 37. gxf4 gxf4 38. Bh3 Kf6 39. Be6 f3 40.
Rc3 Ke5 41. Rxf3 Nc4 42. Rh3 Rh8 43. Bf7 h4 44. Ke2 Nxb6 45. Rb3 Nxd5 46. Rb5 Rd8 47.
Kd3 Rd7 48. f4+ Kxf4 49. Bxd5 Kg4 50. Ke3 Re7+ 51. Kf2 Kh3 52. Kg1 Re1+ 53. Kf2 Re7 54. Rb1 Re5 55. Bxb7 Rf5+ 56. Bf3 Rf7 57. Rf1 Rf8 58.
Kg1 Rg8+ 59. Kf2 Rf8 60. Re1 Rf7 61. Re4 Rf8 62. Re5 Rg8 63. Rd5 Rf8 64. Rd1 Rg8 65. Ke3 Re8+ 66. Be4 Rf8 67. Rd2 Re8 68. Re2 Rxe4+ 69.
Kxe4 Kg4 70. Ke3 h3 71. Kd2 Kf4 72. Ke1 Kf3 73. Kf1 Kf4 74. Rf2+ Ke3 75. Rf6 Ke4 76. Rh6 Ke3 77. Rxh3+ Ke4 78. Rg3 1-0

[Event "Early-Titled-Tuesday-Blitz-June-18-2024"]
[Site "Chess.com"]
[Date "2024.06.18"]
[Round "5"]
[White "rionelG"]
[Black "carloseduar100"]
[Result "0-1"]
[WhiteElo "2345"]
[BlackElo "2259"]
[TimeControl "180+1"]
[EndTime "8:59:46 PDT"]
[Termination "carloseduar100 won on time"]

1. e4 e6 2. d3 d5 3. Nd2 Nf6 4.
g3 Be7 5. Bg2 c5 6. Ngf3 Nc6 7.
O-O b5 8. Re1 a5 9. a3 Bb7 10.
c3 b4 11. e5 Nd7 12. Nf1 Qc7 13. Bf4 bxc3 14. bxc3 a4 15. h4 h6 16. Rb1 O-O 17. Ne3 Rfb8 18. Nxd5 exd5 19. e6 Bd6 20. Bxd6 Qxd6 21. exd7 Qxd7 22. Ne5 Nxe5 23. Rxe5 Bc6 24. Rxb8+ Rxb8 25. Qe2 Rb3 26. Re7 Qf5 27. c4 Qxd3 28. cxd5 Bxd5 29. Re8+ Kh7 30. Qxd3+ Rxd3 31. Rd8 Rd1+ 32.
Kh2 Bb3 33. Be4+ g6 34. Rc8 Rd2 35. Kg2 Bd5 36. Bxd5 Rxd5 37. Ra8 Rd4 38. Ra5 Rc4 39.
Kf3 Kg7 40. Ke2 Rc2+ 41. Ke3 Rc3+ 42. Ke2 Rxa3 43. Rxc5 Ra1 44. Ra5 a3 45. Ra6 a2 46.
Kf3 g5 47. hxg5 hxg5 48. Kg4 f6 49. Kf5 Rf1 50. Rxa2 Kh6 51. g4 Kg7 52. Rb2 Kf7 53.
Rb7+ Ke8 54. Ke6 Kf8 55. Kxf6 Rxf2+ 56. Kxg5 Rc2 57. Kh5 Kg8 58. g5 Kh8 59. Kh6 Rc8 60.
g6 Kg8 61. Rd7 Re8 62. Rg7+ Kh8 63. Ra7 Kg8 64. Rb7 Ra8 65. Rg7+ Kh8 66. Rh7+ Kg8 67. Rg7+ Kh8 68. Rd7 Kg8 69. Rd6 Kh8 70. Rf6 Kg8 71. g7 Rb8 72. Kg6 Rc8 0-1

[Event "Early-Titled-Tuesday-Blitz-June-18-2024"]
[Site "Chess.com"]
[Date "2024.06.18"]
[Round "5"]
[White "Zhani-Z"]
[Black "Hamisandwich"]
[Result "1/2-1/2"]
[WhiteElo "2419"]
[BlackElo "2758"]
[TimeControl "180+1"]
[EndTime "8:59:48 PDT"]
[Termination "Game drawn by repetition"]

1. e4 c5 2. Nf3 e6 3. b3 b6 4.
d4 cxd4 5. Nxd4 Bb7 6. Nd2 Bb4 7. Bb2 Nf6 8. c3 Be7 9. Bd3 d6 10. Qe2 a6 11. c4 Nbd7 12. O-O Qc7 13. f4 h5 14. Rae1 Rd8 15. Kh1 Ng4 16. N4f3 Bf6 17. Bxf6 Ndxf6 18. h3 Qc5 19. Ng5 e5 20. f5 Ke7 21.
Ndf3 Bc6 22. Qd2 a5 23. Ra1 Nh6 24. a3 Bb7 25. b4 Qc7 26. Rab1 Bc6 27. Rfc1 Rb8 28.
Qe3 Rhc8 29. Rb2 Be8 30. Rcb1 axb4 31. axb4 Ra8 32. Rc2 Ra3 33. Qd2 Qa7 34. Rbc1 Rd8 35. Qe2 Nhg8 36. Qd2 Qa4 37. Bf1 Rb3 38. b5 Rc8 39.
Qf2 Rc5 40. Ne1 Ra3 41. Nd3 Rc7 42. Nb2 Qa5 43. Nd3 Ra1 44. Nb2 Rxc1 45. Rxc1 Qb4 46. Nd3 Qa3 47. Qxb6 Rd7 48. c5 dxc5 49. Qxc5+ Qxc5 50. Nxc5 Rd8 51. b6 Rb8 52. b7 Bc6 53. Rb1 Nh6 54.
Rb6 Kd6 55. Na6 Rxb7 56. Rxb7 Bxb7 57. Nb4 Nxe4 58. Nf3 Nf6 59. Ng5 e4 60. Bc4 Ke7 61. Kg1 Nxf5 62. Nxf7 Nd6 63. Nxd6 Kxd6 64. Be2 Kc5 65.
Nc2 Bd5 66. Ne3 Be6 67. Kf2 Kd4 68. h4 Ng4+ 69. Bxg4 Bxg4 70. g3 Kd3 71. Ng2 Kd4 72. Ne3 Bf3 73. Nf5+ Kd3 74. Ne3 Bg4 75. Nd5 Kd4 76.
Ne3 1/2-1/2

[Event "Early-Titled-Tuesday-Blitz-June-18-2024"]
[Site "Chess.com"]
[Date "2024.06.18"]
[Round "5"]
[White "Moon_stone123"]
[Black "stasOR4ik"]
[Result "0-1"]
[WhiteElo "2608"]
[BlackElo "2464"]
[TimeControl "180+1"]
[EndTime "8:59:50 PDT"]
[Termination "stasOR4ik won by resignation"]

1. e4 c6 2. d4 d5 3. exd5 cxd5 4. Bd3 Nc6 5. c3 Nf6 6. Bf4 Bg4 7. Qb3 Qd7 8. Nd2 e6 9. Ngf3 a6 10. O-O Be7 11. h3 Bh5 12. a4 O-O 13. Rfe1 Rac8 14. Ne5 Nxe5 15. Bxe5 Ne8 16. Qc2 Bg6 17. Bxg6 hxg6 18. a5 Nd6 19. Bxd6 Qxd6 20. Qd3 Rc7 21. Rec1 Rfc8 22. g3 Bd8 23. Kg2 Kf8 24. h4 Bf6 25. Re1 Qc6 26. Rh1 Qb5 27. Qxb5 axb5 28. Nb3 Be7 29.
h5 gxh5 30. Rxh5 Ke8 31. Rh8+ Kd7 32. Rh7 Rg8 33. a6 bxa6 34. Rxa6 b4 35. cxb4 Bxb4 36. Rb6 Bd6 37. Kf3 f6 38. Ke3 e5 39. f4 exf4+ 40.
gxf4 Re8+ 41. Kd3 Re7 42. Rb5 Kc6 43. Ra5 Rb7 44. Kc2 Re2+ 45. Kd3 Rxb2 46. Nc5 Bxc5 47. Rxc5+ Kd6 48. Rh5 R7b3+ 49. Rc3 Rxc3+ 50. Kxc3 Rf2 51. f5 Rf3+ 52. Kd2 Rf4 53. Ke3 Re4+ 54. Kd3 Kc6 55. Rh7 Rg4 56. Ke3 Kb5 57. Kd3 Rg3+ 58. Kd2 Kc4 59.
Rh4 Rf3 60. Rg4 Rxf5 61. Rxg7 Kxd4 62. Rg4+ Ke5 63. Ke3 Rh5 64. Rg3 f5 65. Kd3 Rh4 66.
Rg8 Ra4 67. Re8+ Kf4 68. Rf8 Kg4 69. Rg8+ Kf3 70. Rf8 f4 71. Rf7 Ra3+ 72. Kd4 Kg3 73. Rg7+ Kf2 74. Kxd5 Ra4 75. Rg4 Kf3 76. Rh4 Kg3 77. Rh8 f3 78. Rg8+ Rg4 79. Ra8 f2 80. Ra3+ Kg2 81. Ra2 Kg1 82. Ra1+ f1=Q 0-1

[Event "Early-Titled-Tuesday-Blitz-June-18-2024"]
[Site "Chess.com"]
[Date "2024.06.18"]
[Round "5"]
[White "myburger"]
[Black "ReadySkate"]
[Result "0-1"]
[WhiteElo "2532"]
[BlackElo "2818"]
[TimeControl "180+1"]
[EndTime "8:59:51 PDT"]
[Termination "ReadySkate won by checkmate"]

1. d4 Nf6 2. Nc3 d5 3. Bf4 g6 4. Qd2 Bg7 5. h4 O-O 6. Bh6 c5 7. h5 cxd4 8. Nb5 Ne4 9. Qc1 Qa5+ 10. c3 Qxb5 11. Bxg7 Kxg7 12. hxg6 fxg6 13. Qh6+ Kf7 14. Qxh7+ Ke8 15. Qxg6+ Kd8 16. Qg7 Nd7 17. Rh7 Qxb2 18.
Qxe7+ Kc7 19. Qe5+ Kc6 20. Qe6+ Nd6 21. Rd1 Qxc3+ 22.
Rd2 d3 23. Nf3 Rxf3 24. exf3 Nc5 25. Qe3 Nc4 26. Rh6+ Kb5 27. Bxd3 Nxd3+ 28. Qxd3 Qxd2+ 29. Qxd2 Nxd2 30. Kxd2 Bf5 31. Rh5 Be6 32. Re5 Bg8 33. f4 Rf8 34. f5 Kc5 35. g4 Kd6 36. f4 Bh7 37. Kd3 Rc8 38. g5 Rg8 39. g6 Bxg6 40.
Re6+ Kd7 41. Rxg6 Rf8 42. f6 Ke6 43. Kd4 Rf7 44. Rh6 b6 45. f5+ Kxf5 46. Kxd5 Kg5 47. Rh1 Rxf6 48. Rg1+ Kh4 49. Kc4 Rf4+ 50. Kb5 Rf5+ 51.
Kc6 Ra5 52. Rg7 Rxa2 53. Kb5 Ra5+ 54. Kb4 Ra1 55. Kb5 Kh5 56. Rg8 Rd1 57. Rg7 Rd5+ 58. Kc4 Rc5+ 59. Kd4 a5 60. Rb7 Rb5 61. Kc4 Rb4+ 62.
Kc3 Kg5 63. Rf7 Kg6 64. Rf8 Rb5 65. Kc4 Rc5+ 66. Kb3 b5 67. Ra8 b4 68. Rf8 Rc3+ 69.
Ka4 Ra3+ 70. Kb5 b3 71. Rf2 a4 72. Kb4 Ra2 73. Rf1 b2 74. Rb1 a3 75. Kb3 Ra1 76. Kc2 Rxb1 77. Kxb1 Kf5 78. Ka2 Ke4 79. Kb1 Kd3 80.
Ka2 Kc2 81. Kxa3 b1=Q 82. Ka4 Qb6 83. Ka3 Qb3# 0-1